 Dungeon Crawl Stone Soup version 0.19.4-8-ga85b6b9 (webtiles) character file.

60 Chiseanne the Magician (level 3, 0/24 HPs)
             Began as a Demonspawn Wizard on Feb 11, 2017.
             Succumbed to a worker ant's poison
             ... on level 3 of the Dungeon.
             The game lasted 00:03:55 (2016 turns).

Chiseanne the Magician (Demonspawn Wizard)          Turns: 2016, Time: 00:03:56

Health: 0/24       AC:  6    Str:  7    XL:     3   Next: 82%
Magic:  1/8        EV: 12    Int: 20    God:
Gold:   87         SH:  0    Dex: 11    Spells: 1 memorised, 8 levels left

rFire  . . .     SeeInvis .     a - +0 spear
rCold  + . .     Gourm    .     v - +0 robe
rNeg   . . .     Faith    .     (no shield)
rPois  .         Spirit   .     m - +0 helmet
rElec  .         Reflect  .     l - +0 cloak (curse)
rCorr  .         Harm     .     (no gloves)
MR     .....                    (no boots)
Stlth  ++........               (no amulet)
                                s - +4 ring of slaying
                                i - ring of protection from cold

@: lethally poisoned (0 -> -7)
A: slimy green scales 1
a: no special abilities


You were on level 3 of the Dungeon.
You were not hungry.

You visited 1 branch of the dungeon, and saw 3 of its levels.

You collected 87 gold pieces.

Inventory:

Hand Weapons
 a - a +0 spear (weapon)
Missiles
 g - 139 stones (quivered)
 r - 17 arrows
 u - 11 bolts
Armour
 l - a cursed +0 cloak (worn)
 m - a +0 helmet (worn)
 v - a +0 robe (worn)
Jewellery
 i - a ring of protection from cold (left hand)
 s - a +4 ring of slaying (right hand)
Wands
 o - a wand of lightning (4/15)
Scrolls
 b - 2 scrolls of immolation
 f - a scroll of teleportation
Potions
 j - 2 potions of heal wounds {unknown}
 n - a potion of flight {unknown}
 p - 2 potions of invisibility {unknown}
 q - a potion of mutation {unknown}
 t - a potion of agility {unknown}
Books
 c - a book of Minor Magic

   Spells                             Type                      Level
   a - Magic Dart                     Conjuration                  1
   b - Blink                          Translocation                2
   c - Call Imp                       Summoning                    2
   d - Repel Missiles                 Charms/Air                   2
   e - Slow                           Hexes                        2
   f - Conjure Flame                  Conjuration/Fire             3
   g - Mephitic Cloud                 Conjuration/Poison/Air       3
Comestibles
 d - 2 bread rations
 k - 2 royal jellies


   Skills:
 - Level 1.7 Dodging
 - Level 1.7 Stealth
 * Level 3.5 Spellcasting
 + Level 3.1 Conjurations
   Level 1.0 Summonings
   Level 0.8 Translocations


You had 8 spell levels left.
You knew the following spells:

 Your Spells              Type           Power        Failure   Level  Hunger
a - Magic Dart            Conj           ###.         3%          1    None


Dungeon Overview and Level Annotations

Branches:
Dungeon (3/15)

Altars:


Innate Abilities, Weirdness & Mutations

You are partially covered in slimy green scales. (AC +2)


Message History

Aim: a worker ant (severely wounded)
The magic dart hits the worker ant.
The worker ant is almost dead.
The worker ant barely misses you. The worker ant bites you.
You closely miss the worker ant.
The worker ant is almost dead.
The worker ant bites you!
* * * LOW HITPOINT WARNING * * *
You closely miss the worker ant.
The worker ant is almost dead.
The worker ant bites you but does no damage.
You hit the worker ant but do no damage.
The worker ant is almost dead.
The worker ant bites you.
* * * LOW HITPOINT WARNING * * *
You are lethally poisoned!
The worker ant poisons you! The worker ant barely misses you.
You hit the worker ant.
The worker ant is almost dead.
You die...

#########
#@......#
#.a.?...#
###.#..###..#.#
........<.......
...#.###########
. #. #


You could see a worker ant.

Vanquished Creatures
  An ooze (D:2)
  2 worms (D:2)
  4 dart slugs (D:1)
  5 bats
  A giant cockroach (D:2)
  6 goblins
  5 hobgoblins
  A ball python (D:2)
  3 frilled lizards
  7 kobolds
  5 rats
40 creatures vanquished.

Notes
Turn   | Place    | Note
-------+----------+-------------------------------------------
     0 | D:1      | Chiseanne the Demonspawn Wizard began the quest for the Orb.
     0 | D:1      | Reached XP level 1. HP: 13/13 MP: 4/4
   164 | D:1      | Gained mutation: You are partially covered in slimy green scales. (AC +2) [demonic ancestry]
   164 | D:1      | Reached XP level 2. HP: 12/19 MP: 0/6
   582 | D:1      | Reached XP level 3. HP: 24/24 MP: 2/7
  2015 | D:3      | HP: 1/24 [worker ant (5)]
  2016 | D:3      | Succumbed to a worker ant's poison

Skill      XL: |  1  2 |
---------------+-------+-----
Conjurations   | 2 3 |  3.1
Dodging        | |  1.7
Stealth        | |  1.7
Spellcasting   | |  3.5
Summonings     | |  1.0
Translocations | |  0.8

Action                   || total
-------------------------++-------
Melee: Short sword       ||    26
       Club              ||     2
       Unarmed           ||     2
       Spear             ||     4
 Cast: Magic Dart        ||    87
  Use: Scroll            ||     4
  Eat: Chunk             ||     3
Armor: Robe              ||     7
Dodge: Dodged            ||    30
